 Dungeon Crawl Stone Soup version 0.23-a0-389-g4a5eb33 (webtiles) character file.

2 wazuzu the Sneak (level 1, -2/9 HPs)
             Began as a Vine Stalker Enchanter on Oct 29, 2018.
             Slain by a goblin (3 damage)
             ... on level 1 of the Dungeon.
             The game lasted 00:00:49 (63 turns).

wazuzu the Sneak (Vine Stalker Enchanter)             Turns: 63, Time: 00:00:50

Health: -2/9       AC:  2    Str: 10    XL:     1   Next: 30%
Magic:  0/4        EV: 12    Int: 15    God:
Gold:   12         SH:  0    Dex: 14    Spells: 3/4 levels left

rFire    . . .     SeeInvis .   a - +1 dagger
rCold    . . .     Gourm    .   (no shield)
rNeg     . . .     Faith    .   b - +0 robe
rPois    .         Spirit   +   (no helmet)
rElec    .         Reflect  .   (no cloak)
rCorr    .         Harm     .   (no gloves)
MR       .....                  (no boots)
Stlth    ++........             (no amulet)
HPRegen  0.03/turn              (no ring)
MPRegen  0.09/turn              (no ring)

@: no status effects
A: fangs 2, magic shield, antimagic bite, no potion heal 3, rot immunity
a: no special abilities


You were on level 1 of the Dungeon.
You were not hungry.

You visited 1 branch of the dungeon, and saw 1 of its levels.

You collected 12 gold pieces.

Inventory:

Hand Weapons
 a - a +1 dagger (weapon)
Armour
 b - a +0 robe (worn)
Comestibles
 d - a ration


   Skills:
 * Level 1.0 Short Blades
 - Level 1.5 Dodging
 + Level 3.7 Stealth
 - Level 2.1 Spellcasting
 - Level 3.0 Hexes


You had 3 spell levels left.
You knew the following spells:

 Your Spells              Type           Power        Failure   Level  Hunger
a - Corona                Hex            ##.....      6%          1    #......

Your spell library contained the following spells:

 Spells                   Type           Power        Failure   Level  Hunger
 Ensorcelled Hibernation  Hex/Ice        #.....       19%         2    ###....
 Confuse                  Hex            ##......     19%         3    ###....
 Tukima's Dance           Hex            ##......     19%         3    ###....
 Dazzling Spray           Conj/Hex       #.....       34%         3    ###....


Dungeon Overview and Level Annotations

Branches:
Dungeon (1/15)

Altars:


Innate Abilities, Weirdness & Mutations

You have extremely sharp teeth.
When hurt, damage is shared between your health and your magic reserves.
Your bite disrupts and absorbs the magic of your enemies.
Potions cannot restore your health.
You are immune to rotting.


Message History

You skewer the hobgoblin but do no damage!
The hobgoblin is severely wounded!
You spit the hobgoblin like a pig!
You annihilate the hobgoblin!!!
Your Short Blades skill increases to level 1!!!
Things that are here:
a +0 club; 19 poisoned needles
Things that are here:
a +0 club; 19 poisoned needles You start resting!
A goblin comes into view!
A goblin is nearby!!!
You barely miss the goblin! The goblin barely misses you!
You barely miss the goblin! The goblin hits you! * * * don't die
* * * You closely miss the goblin!
A giant cockroach comes into view!
A goblin comes into view!
The goblin hits you! rip

#....###...#
#..(.......#####
#..............# ##
#..............# .
#.....##.......#.#
#.....####.......#
##.########...##.####.###
..............†.........
...##.@.....###'''#### #.
#g#######....#..## #.#)#
#.##§§§#..# #...#
#...§§§...# ##s.#
##.......## #..#
####'#### #?.# ##8.8##
...# ##'## ##.## ##...##


You could see a giant cockroach (wandering) and a goblin.

Vanquished Creatures
  A hobgoblin (D:1)
  A rat (D:1)
2 creatures vanquished.

Notes
Turn   | Place    | Note
-------+----------+-------------------------------------------
     0 | D:1      | wazuzu the Vine Stalker Enchanter began the quest for the
                  | Orb.
     0 | D:1      | Reached XP level 1. HP: 9/9 MP: 4/4
    49 | D:1      | Reached skill level 1 in Short Blades
    63 | D:1      | Slain by a goblin

Vault maps used:
D:1:      shiori_arrival_elements

Skill      XL: |  1 |
---------------+----+-----
Short Blades   | 1 |  1.0
Dodging        | |  1.5
Stealth        | |  3.7
Spellcasting   | |  2.1
Hexes          | |  3.0

Action                   || total
-------------------------++-------
Melee: Dagger            ||    12
       Bite              ||     3
Armor: Robe              ||     1
Dodge: Dodged            ||     5

Table legend:
 A = Non-vault XP
 B = Vault XP
 C = Vault XP percentage of total XP
 D = Non-vault monster count
 E = Vault monster count
 F = Vault count percentage of total count
                 A         B        C        D         E       F
            +---------+---------+-------+---------+---------+-------
      Total |       3 |       0 |   0.0 |       2 |       0 |   0.0
            +---------+---------+-------+---------+---------+-------
        D:1 |       3 |       0 |   0.0 |       2 |       0 |   0.0
            +---------+---------+-------+---------+---------+-------
